[Event "Early-Titled-Tuesday-Blitz-March-19-2024"]
[Site "Chess.com"]
[Date "2024.03.19"]
[Round "1"]
[White "Matrix3x3a"]
[Black "NCchamp"]
[Result "1-0"]
[WhiteElo "2626"]
[BlackElo "2253"]
[TimeControl "180+1"]
[EndTime "8:04:45 PDT"]
[Termination "Matrix3x3a won by resignation"]

1. d4 d5 2. c4 dxc4 3. Nf3 a6 4. e3 b5 5. a4 Bb7 6. b3 Nf6 7. bxc4 bxc4 8. Bxc4 e6 9. O-O Nbd7 10. Ba3 Bxa3 11. Nxa3 O-O 12. Be2 c5 13. Nc4 cxd4 14. Qxd4 Qe7 15.
Qd6 Rfe8 16. Rfd1 Bd5 17. Qxe7 Rxe7 18. Nce5 Ne4 19. Nxd7 Rxd7 20. Rac1 Rdd8 21. Ne5 Bb3 22. Rxd8+ Rxd8 23. a5 f6 24. Nc6 Rc8 25. Ne7+ 1-0

[Event "Early-Titled-Tuesday-Blitz-March-19-2024"]
[Site "Chess.com"]
[Date "2024.03.19"]
[Round "1"]
[White "Kazmin_Semyon"]
[Black "crescentmoon2411"]
[Result "1-0"]
[WhiteElo "2539"]
[BlackElo "2911"]
[TimeControl "180+1"]
[EndTime "8:04:47 PDT"]
[Termination "Kazmin_Semyon won by resignation"]

1. e4 c5 2. Nf3 Nc6 3. d4 cxd4 4.
Nxd4 e5 5. Nb5 d6 6. N1c3 a6 7. Na3 Nf6 8. Bg5 Be7 9. Nc4 O-O 10. Bxf6 Bxf6 11. Qxd6 Be6 12. O-O-O Nd4 13. Qxd8 Raxd8 14. Ne3 Bg5 15. Kb1 b5 16. h4 Be7 17. Ncd5 Bc5 18. c3 Nc6 19. Be2 g6 20. Nc7 Bc8 21. Rxd8 Rxd8 22. Rd1 Rxd1+ 23. Bxd1 f5 24. exf5 gxf5 25.
Bb3+ Kg7 26. Ne6+ Bxe6 27. Bxe6 Kf6 28. Bc8 Bxe3 29. fxe3 a5 30. Bd7 Na7 31. b4 axb4 32. cxb4 f4 33. exf4 exf4 34. Kc2 Ke7 35. Bf5 Nc6 36.
Bxh7 Nxb4+ 37. Kb3 Nc6 38. Be4 Nd4+ 39. Kb4 Kd6 40. h5 Ke5 41. h6 Kf6 42. h7 Kg7 43. Kc5 Ne2 44. Bd3 Nc1 45. Bb1 Ne2 46. Bd3 Nc1 47.
Bb1 Ne2 48. a3 Nc3 49. Bd3 Kh8 50. Kb4 Nd5+ 51. Kxb5 Ne3 52. Be4 Nd1 53. Kb4 Nf2 54. Bf5 1-0

[Event "Early-Titled-Tuesday-Blitz-March-19-2024"]
[Site "Chess.com"]
[Date "2024.03.19"]
[Round "1"]
[White "Adar_07"]
[Black "ATM622"]
[Result "1-0"]
[WhiteElo "2842"]
[BlackElo "2476"]
[TimeControl "180+1"]
[EndTime "8:04:52 PDT"]
[Termination "Adar_07 won by resignation"]

1. e4 c6 2. d4 d5 3. Nc3 dxe4 4. Nxe4 Bf5 5. Ng3 Bg6 6. Nh3 e6 7. Nf4 Bd6 8. c3 Nf6 9. Bc4 O-O 10. h4 Bxf4 11. Bxf4 Nd5 12. Bxd5 Qxd5 13. h5 Bf5 14.
Qd2 Nd7 15. O-O Nf6 16. Rfe1 Rad8 17. h6 g6 18. Bg5 Ne4 19. Nxe4 Bxe4 20. Bxd8 Bxg2 21.
Qg5 Bh1 22. Qxd5 Bxd5 23. Bf6 1-0

[Event "Early-Titled-Tuesday-Blitz-March-19-2024"]
[Site "Chess.com"]
[Date "2024.03.19"]
[Round "1"]
[White "jefferyx"]
[Black "betta2004"]
[Result "1-0"]
[WhiteElo "3106"]
[BlackElo "2571"]
[TimeControl "180+1"]
[EndTime "8:04:56 PDT"]
[Termination "jefferyx won on time"]

1. e4 c5 2. Nf3 a6 3. g3 g6 4. d4 cxd4 5. Qxd4 Nf6 6. e5 Nc6 7. Qe3 Nd5 8. Qe4 Nc7 9. Bg2 Bg7 10. O-O d5 11. exd6 Qxd6 12. Bf4 Qd5 13. Qe2 Ne6 14. Be3 Qa5 15. c3 O-O 16. Nbd2 Qc7 17. a4 b6 18. Nc4 Rb8 19. Ng5 Nxg5 20. Bxg5 e5 21. Ne3 Be6 22. Nd5 Bxd5 23. Bxd5 Rbd8 24. Rfd1 Rd7 25. Qxa6 1-0

[Event "Early-Titled-Tuesday-Blitz-March-19-2024"]
[Site "Chess.com"]
[Date "2024.03.19"]
[Round "1"]
[White "NovoselovRoman"]
[Black "yosephtaher"]
[Result "0-1"]
[WhiteElo "2535"]
[BlackElo "2970"]
[TimeControl "180+1"]
[EndTime "8:04:59 PDT"]
[Termination "yosephtaher won by checkmate"]

1. d4 Nf6 2. Nc3 d5 3. Bf4 c5 4. e3 cxd4 5. exd4 a6 6. Nf3 Bg4 7. h3 Bxf3 8. Qxf3 Nc6 9. O-O-O e6 10. g4 Rc8 11. g5 Nd7 12. h4 Be7 13. Rg1 Qb6 14. Be3 Na5 15. h5 Ba3 16. bxa3 Rxc3 17. g6 hxg6 18. hxg6 f5 19. Bd3 Rxa3 20. Bxf5 Rf8 21.
Rg5 Nc4 22. Rdg1 Rxa2 23. Kd1 Rxf5 24. Rxf5 Qb1+ 25. Ke2 Qxc2+ 26. Kf1 Qxf5 27. Qh1 Nxe3+ 28. Ke1 Qxf2# 0-1

[Event "Early-Titled-Tuesday-Blitz-March-19-2024"]
[Site "Chess.com"]
[Date "2024.03.19"]
[Round "1"]
[White "maurovargas01"]
[Black "Statham_01"]
[Result "0-1"]
[WhiteElo "1829"]
[BlackElo "2579"]
[TimeControl "180+1"]
[EndTime "8:05:01 PDT"]
[Termination "Statham_01 won on time"]

1. e4 e5 2. Nf3 Nf6 3. Bc4 Nxe4 4. O-O d5 5. Bb3 Nc6 6. Re1 Bc5 7. Re2 Bg4 8. d3 Bxf3 9. gxf3 Ng5 10. f4 Nf3+ 11. Kg2 Nh4+ 12. Kf1 Qd7 13. Re3 Bxe3 14. fxe3 Qh3+ 15. Ke1 Qg2 16. Qe2 Nf3+ 17. Kd1 Qg1+ 0-1

[Event "Early-Titled-Tuesday-Blitz-March-19-2024"]
[Site "Chess.com"]
[Date "2024.03.19"]
[Round "1"]
[White "esrosenberg"]
[Black "GnowReopard"]
[Result "0-1"]
[WhiteElo "2441"]
[BlackElo "2807"]
[TimeControl "180+1"]
[EndTime "8:05:03 PDT"]
[Termination "GnowReopard won by resignation"]

1. d4 Nf6 2. Nf3 e6 3. g3 c5 4. Bg2 cxd4 5. O-O d5 6. Nxd4 e5 7. Nb3 Nc6 8. Nc3 d4 9. Ne4 Nxe4 10. Bxe4 Be7 11. e3 O-O 12. exd4 Nxd4 13. Nxd4 exd4 14.
b3 Bf6 15. Bb2 Qb6 16. Qd3 g6 17. Rad1 Bh3 18. Rfe1 Rad8 19. Qf3 h5 20. Rd3 Rfe8 21. Bc1 Bg7 22. Bd2 Rd7 23. a4 Rde7 24. a5 Qc6 0-1

[Event "Early-Titled-Tuesday-Blitz-March-19-2024"]
[Site "Chess.com"]
[Date "2024.03.19"]
[Round "1"]
[White "Ural_bogatyr"]
[Black "Sofia_Blokhin"]
[Result "0-1"]
[WhiteElo "2602"]
[BlackElo "2243"]
[TimeControl "180+1"]
[EndTime "8:05:03 PDT"]
[Termination "Sofia_Blokhin won by resignation"]

1. d4 f5 2. g3 Nf6 3. Bg2 g6 4. Nd2 Bg7 5. e4 fxe4 6. Nxe4 O-O 7. Ne2 d6 8. O-O Nc6 9. c3 e5 10. Bg5 h6 11. Nxf6+ Bxf6 12. Bxh6 Re8 13. dxe5 Nxe5 14. Nd4 g5 15. Qc2 Qe7 16. Bd5+ Kh8 17. f4 Ng4 18.
fxg5 Bxd4+ 19. cxd4 Ne3 20. Rae1 Bh3 21. Rf7 Qxf7 22.
Bxf7 Nxc2 23. Rxe8+ Rxe8 24. Bxe8 Nxd4 25. g6 Nf3+ 26. Kf2 Ne5 27. Bf7 Ng4+ 28. Kf3 Nxh6 29. Be8 Kg7 30. Kf4 Bf5 31. Kg5 Bb1 32. a4 d5 33. a5 d4 34. h4 d3 35. h5 Bc2 36. a6 bxa6 0-1

[Event "Early-Titled-Tuesday-Blitz-March-19-2024"]
[Site "Chess.com"]
[Date "2024.03.19"]
[Round "1"]
[White "DenLaz"]
[Black "laziestwin"]
[Result "1-0"]
[WhiteElo "3073"]
[BlackElo "2565"]
[TimeControl "180+1"]
[EndTime "8:05:10 PDT"]
[Termination "DenLaz won by resignation"]

1. d4 d5 2. c4 e6 3. Nf3 Nf6 4.
g3 dxc4 5. Bg2 a6 6. O-O Nc6 7. Bg5 Be7 8. e3 O-O 9. Nbd2 Na5 10. Ne5 c5 11. dxc5 Bxc5 12. Ndxc4 Nxc4 13. Nxc4 h6 14. Bxf6 Qxf6 15. Rc1 Rb8 16. Qh5 Qg5 17. Qxg5 hxg5 18. Rfd1 Be7 19. Nb6 f5 20. Rc2 e5 21. Bd5+ Kh7 22.
Rdc1 Rd8 23. Rxc8 Rbxc8 24. Rxc8 Rd6 25. Bg8+ Kg6 26. Nd5 Bd8 27. Rb8 b5 28. Rb7 e4 29.
Kg2 g4 30. Bf7+ Kh7 31. Nf4 Bg5 32. Be6 1-0

[Event "Early-Titled-Tuesday-Blitz-March-19-2024"]
[Site "Chess.com"]
[Date "2024.03.19"]
[Round "1"]
[White "Viktoker"]
[Black "VladimirKramnik"]
[Result "0-1"]
[WhiteElo "2556"]
[BlackElo "3039"]
[TimeControl "180+1"]
[EndTime "8:05:12 PDT"]
[Termination "VladimirKramnik won by resignation"]

1. d4 Nf6 2. Bf4 c5 3. e3 cxd4 4. exd4 g6 5. Nf3 Bg7 6. c3 O-O 7. Nbd2 Nc6 8. h3 d6 9. Be2 Nh5 10. Bh2 e5 11. dxe5 dxe5 12. O-O h6 13. Nc4 Nf4 14. Bxf4 exf4 15. Qxd8 Rxd8 16. Rfd1 Be6 17.
Nd6 Rab8 18. Ne4 Bd5 19. Nc5 b6 20. Nb3 g5 21. Nbd4 Ne7 22. Rd2 Bf6 23. c4 Be4 24. Rad1 Bg6 25. b3 h5 26. Nb5 Rxd2 27. Rxd2 Nf5 28.
Nxa7 g4 29. hxg4 hxg4 30. Nh2 g3 31. fxg3 Bd4+ 32. Kf1 Nxg3+ 33. Ke1 Bc3 34. Nc6 Re8 35. Nd4 Bxd4 0-1

[Event "Early-Titled-Tuesday-Blitz-March-19-2024"]
[Site "Chess.com"]
[Date "2024.03.19"]
[Round "1"]
[White "MaxLeto"]
[Black "TigrVShlyape"]
[Result "0-1"]
[WhiteElo "2511"]
[BlackElo "2914"]
[TimeControl "180+1"]
[EndTime "8:05:12 PDT"]
[Termination "TigrVShlyape won by checkmate"]

1. g4 d5 2. Bg2 c6 3. h3 e5 4.
d4 Nd7 5. dxe5 Nxe5 6. b3 Qf6 7. c3 Bc5 8. e3 Qg6 9. Ke2 Nf6 10. f4 Nfxg4 11.
hxg4 Qxg4+ 12. Bf3 Nxf3 13. Nxf3 Qg2+ 14. Kd3 Bf5+ 15. e4 Bxe4# 0-1

[Event "Early-Titled-Tuesday-Blitz-March-19-2024"]
[Site "Chess.com"]
[Date "2024.03.19"]
[Round "1"]
[White "wonderfultime"]
[Black "GreenPeach24"]
[Result "1-0"]
[WhiteElo "3076"]
[BlackElo "2567"]
[TimeControl "180+1"]
[EndTime "8:05:14 PDT"]
[Termination "wonderfultime won by checkmate"]

1. d4 Nf6 2. Nf3 d5 3. Bf4 c5 4.
c3 cxd4 5. cxd4 Nc6 6. Nc3 a6 7.
Ne5 Bf5 8. Nxc6 bxc6 9. e3 e6 10. Be2 c5 11. Qa4+ Nd7 12. O-O cxd4 13. Qxd4 f6 14.
Qa4 Bg6 15. Rfd1 Bf7 16. e4 e5 17. Nxd5 exf4 18. Bg4 Ra7 19. Nb6 Qxb6 20. Rxd7 Qb4 21. Re7+ Kd8 22. Qxb4 Bxe7 23. Qb8# 1-0

[Event "Early-Titled-Tuesday-Blitz-March-19-2024"]
[Site "Chess.com"]
[Date "2024.03.19"]
[Round "1"]
[White "rikchessmx"]
[Black "MatyChess1"]
[Result "0-1"]
[WhiteElo "2276"]
[BlackElo "2644"]
[TimeControl "180+1"]
[EndTime "8:05:15 PDT"]
[Termination "MatyChess1 won by resignation"]

1. e4 c6 2. d4 d5 3. Nc3 dxe4 4.
Nxe4 Nf6 5. Ng5 Bf5 6. c3 Nbd7 7. Bc4 e6 8. N1f3 h6 9. Nh3 Qc7 10. Bf4 Bd6 11. Bxd6 Qxd6 12. Qe2 O-O-O 13. Ne5 Rhf8 14.
Nf4 g5 15. Nfd3 Bxd3 16. Nxd3 Kb8 17. O-O-O Nd5 18. g3 Rfe8 19. Ne5 Nxe5 20. dxe5 Qc5 21. Bxd5 Rxd5 22. Rxd5 Qxd5 23. Rd1 Qxa2 24. Qd3 Qd5 25. Qh7 Qf3 26. Rd7 Qxf2 27. Rxf7 Qb6 28. Qxh6 Qe3+ 29.
Kb1 Qe4+ 30. Ka2 Rd8 31. Qh7 Qa4+ 0-1

[Event "Early-Titled-Tuesday-Blitz-March-19-2024"]
[Site "Chess.com"]
[Date "2024.03.19"]
[Round "1"]
[White "TERMINATOR_PC"]
[Black "Durarbayli"]
[Result "0-1"]
[WhiteElo "2547"]
[BlackElo "2996"]
[TimeControl "180+1"]
[EndTime "8:05:17 PDT"]
[Termination "Durarbayli won by resignation"]

1. e4 c5 2. Nf3 d6 3. d4 cxd4 4. Nxd4 Nf6 5. Nc3 a6 6. Be2 e5 7.
Nf3 h6 8. Nd2 b5 9. a4 b4 10.
Nd5 Nxd5 11. exd5 Nd7 12. Nc4 Be7 13. O-O O-O 14. a5 Rb8 15. b3 Rb5 16. Ne3 Rxa5 17. Rxa5 Qxa5 18. Bd2 Qc5 19. Nf5 Re8 20. Be3 Qc7 21. Qd2 Nf6 22. Nxe7+ Rxe7 23. Bc4 a5 24. Ra1 Bb7 25. f3 Re8 26. h3 Ra8 27. Rd1 Ba6 28. Bxa6 Rxa6 29. Rc1 Qb7 30. Rd1 Ra8 31. Bf2 Rc8 32.
Bh4 Nd7 33. Qf2 Nb6 34. Be7 Qxe7 35. Qxb6 Rxc2 36. Qxa5 Qg5 0-1

[Event "Early-Titled-Tuesday-Blitz-March-19-2024"]
[Site "Chess.com"]
[Date "2024.03.19"]
[Round "1"]
[White "margarita_2703"]
[Black "edgarhay012"]
[Result "0-1"]
[WhiteElo "2317"]
[BlackElo "2662"]
[TimeControl "180+1"]
[EndTime "8:05:17 PDT"]
[Termination "edgarhay012 won by resignation"]

1. e4 e6 2. d4 d5 3. e5 c5 4. c3 Qb6 5. Nf3 Nc6 6. a3 Nh6 7. b4 cxd4 8. cxd4 Nf5 9. Bb2 Be7 10. Bd3 O-O 11. O-O Bd7 12. Bxf5 exf5 13. Nc3 Be6 14. Na4 Qd8 15. Nc5 b6 16. Nxe6 fxe6 17. Rc1 Qd7 18.
Qa4 Rfc8 19. Rc2 Nxe5 20. Qxd7 Nxd7 21. Re2 Nf8 22. Bc1 h6 23. Bf4 Rc3 24. Re3 Rac8 25. h4 Rxe3 26. fxe3 Rc3 27. Ra1 Nd7 28. g3 Nf6 29.
Ne5 Ne4 30. Kg2 g5 31. Ng6 gxf4 32. Nxe7+ Kf7 33. Nxf5 Rc2+ 34. Kh3 exf5 35. exf4 Nf6 36. Rg1 Ng4 37. Rg2 Rc3 38. h5 Rc1 39. Re2 Rh1+ 40.
Kg2 Rh2+ 41. Kf3 Rxe2 42. Kxe2 Nf6 43. Kf3 Nxh5 44. g4 Ng7 45. Kg3 Kg6 46. Kh4 Ne6 47.
Kg3 Nxd4 48. Kh4 Ne2 0-1

[Event "Early-Titled-Tuesday-Blitz-March-19-2024"]
[Site "Chess.com"]
[Date "2024.03.19"]
[Round "1"]
[White "Mikhail_Bryakin"]
[Black "wild3000"]
[Result "1-0"]
[WhiteElo "2756"]
[BlackElo "2412"]
[TimeControl "180+1"]
[EndTime "8:05:19 PDT"]
[Termination "Mikhail_Bryakin won by resignation"]

1. e4 a6 2. d4 e6 3. f4 b5 4. Nf3 Bb7 5. Bd3 Nf6 6. Qe2 c5 7. c3 d5 8. e5 Ne4 9. Nbd2 Nxd2 10. Bxd2 g6 11. O-O Nd7 12. g4 Qb6 13. Kg2 b4 14.
Rac1 a5 15. Be3 cxd4 16. cxd4 Be7 17. f5 gxf5 18. gxf5 Rg8+ 19. Kh1 h5 20. f6 Bf8 21. Rg1 Rxg1+ 22. Kxg1 Rc8 23. Kf2 Rxc1 24. Bxc1 a4 25. Be3 b3 26. a3 Nb8 27. Ng5 Nc6 28. Nxe6 fxe6 29. Qxh5+ Kd8 30. Qh8 Nxd4 31. Qxf8+ Kc7 32. Qd6+ Qxd6 33. exd6+ Kxd6 34. Bxd4 e5 35. f7 Ke7 36. Bxe5 Kxf7 37. Bb5 Ke6 38. Bd4 Kf5 39. Ke3 1-0

[Event "Early-Titled-Tuesday-Blitz-March-19-2024"]
[Site "Chess.com"]
[Date "2024.03.19"]
[Round "1"]
[White "rhungaski"]
[Black "LeoWin2012"]
[Result "1-0"]
[WhiteElo "2612"]
[BlackElo "2202"]
[TimeControl "180+1"]
[EndTime "8:05:21 PDT"]
[Termination "rhungaski won by checkmate"]

1. e4 e5 2. Nf3 Nf6 3. Nc3 Nc6 4. d4 exd4 5. Nxd4 Bb4 6. Nxc6 bxc6 7. Bd3 d5 8. Bd2 O-O 9. O-O dxe4 10. Nxe4 Bxd2 11. Nxd2 g6 12. Qf3 Nd5 13. a3 Rb8 14. b3 Be6 15.
Rfe1 Qf6 16. Be4 Qxf3 17. Nxf3 f5 18. Bd3 Nf4 19. Rxe6 Nxe6 20. Bc4 Rbe8 21. Ng5 Rf6 22. Re1 Kg7 23. Nxe6+ Kh6 24. f4 Re7 25. Re3 Kh5 26. Rh3+ Kg4 27. Be2# 1-0

[Event "Early-Titled-Tuesday-Blitz-March-19-2024"]
[Site "Chess.com"]
[Date "2024.03.19"]
[Round "1"]
[White "MKlose11"]
[Black "aljado"]
[Result "1-0"]
[WhiteElo "2595"]
[BlackElo "2079"]
[TimeControl "180+1"]
[EndTime "8:05:21 PDT"]
[Termination "MKlose11 won by resignation"]

1. e4 c5 2. Nc3 Nc6 3. g3 e6 4. Bg2 Nf6 5. d3 Be7 6. h3 O-O 7. Nge2 d5 8. O-O Rb8 9. exd5 exd5 10. d4 cxd4 11. Nxd4 Nxd4 12. Qxd4 Be6 13. Bg5 a6 14. Rad1 Qc7 15. Bf4 Bd6 16. Bxd6 Qxd6 17. h4 Rfd8 18. Ne4 Nxe4 19. Bxe4 Qc6 20. c3 Qb5 21. Rd2 Qa5 22.
Bb1 g6 23. h5 Qc7 24. h6 f6 25. Qxf6 Qf7 26. Qd4 Rd7 27. Re1 Rf8 28. Rde2 Re7 29. Rxe6 1-0

[Event "Early-Titled-Tuesday-Blitz-March-19-2024"]
[Site "Chess.com"]
[Date "2024.03.19"]
[Round "1"]
[White "Bob_2004"]
[Black "BardArtem"]
[Result "0-1"]
[WhiteElo "2452"]
[BlackElo "2828"]
[TimeControl "180+1"]
[EndTime "8:05:25 PDT"]
[Termination "BardArtem won on time"]

1. d4 d5 2. c4 dxc4 3. e3 e6 4.
Bxc4 c5 5. Nf3 Nc6 6. O-O cxd4 7. exd4 Nf6 8. Bg5 Be7 9. Nc3 h6 10. Bh4 O-O 11. Qd3 b6 12. Rad1 Bb7 13. Ne5 Nh5 14. Bxe7 Nxe7 15. Qh3 Nf6 16. Rfe1 Ned5 17. Nxf7 Rxf7 18.
Qxe6 Rc8 19. Bxd5 Bxd5 20. Nxd5 Nxd5 21. Re5 Nf4 22. Qb3 Qd7 0-1

[Event "Early-Titled-Tuesday-Blitz-March-19-2024"]
[Site "Chess.com"]
[Date "2024.03.19"]
[Round "1"]
[White "Orest_Vovk"]
[Black "Shield12"]
[Result "0-1"]
[WhiteElo "2526"]
[BlackElo "2933"]
[TimeControl "180+1"]
[EndTime "8:05:26 PDT"]
[Termination "Shield12 won on time"]

1. g4 d5 2. h3 c6 3. Bg2 e6 4. d4 Nf6 5. Nf3 Be7 6. Nc3 b6 7. g5 Nfd7 8. h4 Bb7 9. e4 dxe4 10. Nxe4 c5 11. Ne5 Nxe5 12. dxe5 Qxd1+ 13. Kxd1 Nc6 14. Bf4 O-O-O+ 15. Kc1 Nd4 16. Re1 h6 17. c3 Nf5 18. gxh6 gxh6 19. h5 Rhg8 20. Bh1 Rg4 21. Bd2 Rh4 22. Bf3 Rd3 23. Bg2 Rh2 24. Bf1 Rf3 25.
Nd6+ Bxd6 26. exd6 Rfxf2 27. Rd1 Bf3 28. d7+ Kxd7 29.
Be3+ Bxd1 30. Bb5+ Ke7 31. Bxf2 Rxf2 32. Kxd1 Rxb2 33.
a4 Rh2 34. Ra3 Ne3+ 35. Ke1 Nc2+ 0-1

[Event "Early-Titled-Tuesday-Blitz-March-19-2024"]
[Site "Chess.com"]
[Date "2024.03.19"]
[Round "1"]
[White "CrazyMartian"]
[Black "Evandro_Barbosa"]
[Result "0-1"]
[WhiteElo "2336"]
[BlackElo "2676"]
[TimeControl "180+1"]
[EndTime "8:05:27 PDT"]
[Termination "Evandro_Barbosa won by checkmate"]

1. d4 Nf6 2. Bf4 e6 3. e3 b6 4.
Qf3 d5 5. Nc3 Bb7 6. O-O-O Bb4 7. Nge2 O-O 8. g4 c5 9. Bg2 Nbd7 10. Qg3 c4 11. Bd6 Bxd6 12. Qxd6 Nxg4 13. Qg3 Ngf6 14.
Rhg1 g6 15. f4 a6 16. h4 b5 17. h5 Nxh5 18. Qh2 Nhf6 19. Bf3 b4 20. Nb1 Qa5 21. a3 c3 22. Nexc3 bxc3 23. Nxc3 Rfc8 24. Rd3 Ne4 25. Rh1 Ndf6 26. Bxe4 dxe4 27. Rd2 Rxc3 28. bxc3 Qxa3+ 29. Kd1 Qxc3 30. Qh4 Bd5 31. Rdh2 Rb8 32. Qxf6 Rb1+ 33. Ke2 Qxc2# 0-1

[Event "Early-Titled-Tuesday-Blitz-March-19-2024"]
[Site "Chess.com"]
[Date "2024.03.19"]
[Round "1"]
[White "ulises2013"]
[Black "Chernov_Alexander_A"]
[Result "1-0"]
[WhiteElo "2702"]
[BlackElo "2348"]
[TimeControl "180+1"]
[EndTime "8:05:28 PDT"]
[Termination "ulises2013 won by resignation"]

1. e4 d6 2. g3 Nf6 3. Bg2 g6 4. Ne2 Bg7 5. c3 O-O 6. d4 c5 7.
O-O e5 8. h3 Nc6 9. Be3 b6 10.
d5 Ne7 11. c4 Ne8 12. Nbc3 f5 13. f4 Bd7 14. Kh2 a6 15. a4 Qc7 16. Qd2 Rd8 17. Rae1 Bc8 18. fxe5 dxe5 19. b3 Nd6 20. Bh6 Rf7 21. Bxg7 Kxg7 22. exf5 Nexf5 23. Ne4 Nxe4 24. Bxe4 Nd6 25. Rxf7+ Qxf7 26. Bg2 Rf8 27. Qe3 Qe7 28. g4 a5 29. Ng3 Bd7 30. Qxe5+ Qxe5 31. Rxe5 Kf6 32.
Re3 Re8 33. Rf3+ Ke5 34. Kg1 Kd4 35. Kf2 Ne4+ 36. Nxe4 Rxe4 37. Rf7 Be8 38. Rxh7 Kc3 39. Bxe4 1-0

[Event "Early-Titled-Tuesday-Blitz-March-19-2024"]
[Site "Chess.com"]
[Date "2024.03.19"]
[Round "1"]
[White "Rurep26"]
[Black "ChempionBg"]
[Result "1-0"]
[WhiteElo "2721"]
[BlackElo "2371"]
[TimeControl "180+1"]
[EndTime "8:05:31 PDT"]
[Termination "Rurep26 won on time"]

1. d4 Nf6 2. Bf4 d5 3. e3 c5 4.
Nd2 Nc6 5. c3 e6 6. Ngf3 Qb6 7.
Rb1 Be7 8. Ne5 O-O 9. Bd3 Bd7 10.
O-O Rfc8 11. Bg5 Be8 12. f4 a5 13. Rf3 g6 14. Rh3 a4 15. a3 Na5 16. Qe1 h5 17.
Qh4 Qd8 18. g4 Nc6 19. Nxc6 Bxc6 20. gxh5 Rc7 21. hxg6 Kg7 22. Qh6+ 1-0

[Event "Early-Titled-Tuesday-Blitz-March-19-2024"]
[Site "Chess.com"]
[Date "2024.03.19"]
[Round "1"]
[White "m_ezat"]
[Black "gorgeous1083"]
[Result "1-0"]
[WhiteElo "2589"]
[BlackElo "2073"]
[TimeControl "180+1"]
[EndTime "8:05:31 PDT"]
[Termination "m_ezat won by resignation"]

1. d4 Nf6 2. c4 e6 3. Nc3 d5 4. cxd5 exd5 5. Bg5 c6 6. Qc2 Bd6 7. e3 Nbd7 8. Bd3 h6 9. Bh4 O-O 10. Nf3 Re8 11. O-O Nf8 12. Bg3 Bxg3 13. hxg3 Ne6 14. b4 a6 15. Na4 Bd7 16. Nc5 Qc7 17. Ne5 Rad8 18. a4 Nxc5 19. bxc5 Bc8 20. Rab1 Nd7 21.
Nf3 Nf6 22. Bf5 Ne4 23. Bxc8 Rxc8 24. Rb6 Qe7 25. Rfb1 Rc7 26. Qb2 Ra8 27. Rxb7 Ra7 28. Rxa7 Rxa7 29. Qb8+ Kh7 30. Qe5 f6 31. Qxe7 Rxe7 32.
Rb6 Nc3 33. Rxc6 Nxa4 34. Rxa6 1-0

[Event "Early-Titled-Tuesday-Blitz-March-19-2024"]
[Site "Chess.com"]
[Date "2024.03.19"]
[Round "1"]
[White "Incognizance"]
[Black "Sharan_Rao"]
[Result "0-1"]
[WhiteElo "1873"]
[BlackElo "2583"]
[TimeControl "180+1"]
[EndTime "8:05:32 PDT"]
[Termination "Sharan_Rao won by resignation"]

1. d4 d5 2. c4 e6 3. Nf3 Nf6 4. e3 c6 5. b3 Be7 6. Bb2 O-O 7. Nbd2 b6 8. Bd3 Bb7 9. O-O Nbd7 10. Ne5 c5 11. f4 Rc8 12. Qe2 dxc4 13. bxc4 Nb8 14.
g4 Nc6 15. g5 Ne8 16. Qh5 g6 17. Nxg6 fxg6 18. Bxg6 hxg6 19. Qxg6+ Ng7 20. d5 Nd4 21. exd4 Qe8 22. Qh6 Qh5 23. Qxh5 Nxh5 24. dxe6 cxd4 25. f5 Bxg5 26. Nf3 Be3+ 27. Kg2 Nf4+ 28. Kh1 Rxf5 0-1

[Event "Early-Titled-Tuesday-Blitz-March-19-2024"]
[Site "Chess.com"]
[Date "2024.03.19"]
[Round "1"]
[White "HajiyevKanan"]
[Black "maciek_92"]
[Result "1-0"]
[WhiteElo "2524"]
[BlackElo "2887"]
[TimeControl "180+1"]
[EndTime "8:05:34 PDT"]
[Termination "HajiyevKanan won by resignation"]

1. d4 c6 2. Nf3 d5 3. c4 Nf6 4. cxd5 Nxd5 5. Nc3 Nxc3 6. bxc3 g6 7. e4 Bg7 8. Bc4 O-O 9. O-O Nd7 10. Bg5 Qe8 11. e5 Nb6 12. Bb3 Bf5 13. a4 Rd8 14. Qd2 Be4 15. Qf4 Bd5 16. Bc2 Bc4 17. Rfe1 Nd5 18. Qh4 Nxc3 19. Bxe7 Bd5 20. Bxf8 Qxf8 21. Re3 Bxf3 22.
Rxf3 Ne2+ 23. Kh1 Nxd4 24. Rh3 h5 25. Rd1 Bxe5 26. f4 Bg7 27. f5 Rd6 28. fxg6 fxg6 29.
Bb1 Qf7 30. Qg3 Ne2 31. Qxd6 1-0

[Event "Early-Titled-Tuesday-Blitz-March-19-2024"]
[Site "Chess.com"]
[Date "2024.03.19"]
[Round "1"]
[White "Elnaz_Kaliakhmet"]
[Black "superchess02"]
[Result "1-0"]
[WhiteElo "2503"]
[BlackElo "2832"]
[TimeControl "180+1"]
[EndTime "8:05:35 PDT"]
[Termination "Elnaz_Kaliakhmet won by resignation"]

1. d4 Nf6 2. c4 e6 3. Nf3 c5 4.
d5 exd5 5. cxd5 d6 6. Nc3 g6 7. e4 Bg7 8. h3 O-O 9. Bd3 b5 10. Nxb5 Nxe4 11. Bxe4 Re8 12. Ng5 Ba6 13. a4 Re5 14. O-O Rxg5 15. Bxg5 Qxg5 16. Nc7 Bxf1 17. Qxf1 Qe7 18. Nxa8 Qxe4 19. Qe1 Qe5 20. Qxe5 Bxe5 21. Nc7 a6 22. a5 Kf8 23. Re1 g5 24. g3 h6 25. f4 gxf4 26. gxf4 Bd4+ 27. Kg2 Kg7 28. Re8 Nd7 29. Nxa6 Bxb2 30. Nc7 c4 31. a6 Bd4 32. Nb5 Bc5 33. a7 Bxa7 34. Nxa7 Nf6 35. Rc8 Nxd5 36. Kf3 c3 37. Nb5 1-0

[Event "Early-Titled-Tuesday-Blitz-March-19-2024"]
[Site "Chess.com"]
[Date "2024.03.19"]
[Round "1"]
[White "Tonychess32"]
[Black "MITerryble"]
[Result "0-1"]
[WhiteElo "2544"]
[BlackElo "2988"]
[TimeControl "180+1"]
[EndTime "8:05:36 PDT"]
[Termination "MITerryble won on time"]

1. e4 e6 2. d4 d5 3. e5 c5 4. c3 Qb6 5. Nf3 Bd7 6. a4 cxd4 7. Nxd4 Nc6 8. Nxc6 Bxc6 9. Bd3 d4 10. O-O Rd8 11.
Qe2 a6 12. a5 Qc5 13. Rd1 Nh6 14. cxd4 Rxd4 15. Be3 Qd5 16. f3 Bc5 17. Bxd4 Qxd4+ 18. Kh1 Qh4 19. Nc3 O-O 20. Be4 Nf5 21. Bxf5 exf5 22.
Re1 Bf2 23. Rf1 Bg3 24. h3 Re8 25. Rad1 g5 26. Nd5 Rxe5 27. Nf6+ Kg7 0-1

[Event "Early-Titled-Tuesday-Blitz-March-19-2024"]
[Site "Chess.com"]
[Date "2024.03.19"]
[Round "1"]
[White "Kunalm64"]
[Black "Pumpkin_in_moonlight"]
[Result "1-0"]
[WhiteElo "2631"]
[BlackElo "2260"]
[TimeControl "180+1"]
[EndTime "8:05:36 PDT"]
[Termination "Kunalm64 won on time"]

1. e4 c5 2. Nf3 d6 3. Bb5+ Nc6 4.
O-O Nf6 5. Re1 Bg4 6. c3 a6 7. Bxc6+ bxc6 8. d4 cxd4 9. cxd4 g6 10. Nc3 Bg7 11. h3 Bxf3 12. Qxf3 O-O 13. b3 Nd7 14.
Be3 c5 15. Rad1 cxd4 16. Bxd4 Bxd4 17. Rxd4 Ne5 18. Qe3 Qb6 19. Nd5 Qb7 20. Qh6 Rfc8 21. f4 Nc6 22. Rd2 Nd8 23. f5 Rc5 24. f6 1-0

[Event "Early-Titled-Tuesday-Blitz-March-19-2024"]
[Site "Chess.com"]
[Date "2024.03.19"]
[Round "1"]
[White "sergoy"]
[Black "davidarenas1224"]
[Result "1-0"]
[WhiteElo "2949"]
[BlackElo "2531"]
[TimeControl "180+1"]
[EndTime "8:05:38 PDT"]
[Termination "sergoy won by resignation"]

1. d4 Nf6 2. c4 e6 3. Nf3 d5 4. Nc3 Be7 5. Bf4 O-O 6. e3 b6 7.
cxd5 exd5 8. Bd3 c5 9. Ne5 Be6 10. O-O Qc8 11. Rc1 Qb7 12. Qf3 Nbd7 13. h3 Rac8 14.
Rfd1 Rfd8 15. Bg5 h6 16. Bf4 a6 17. a4 c4 18. Nxc4 Ne4 19. Nxe4 dxe4 20. Bxe4 Qa7 21. d5 f5 22. Bb1 Bf7 23. Bxf5 b5 24. axb5 axb5 25.
Be6 bxc4 26. Bxf7+ Kh8 27. Be6 1-0